 Dungeon Crawl Stone Soup version 0.27.1-35-g4d5d836560 (webtiles) character file.

Game seed: 10408456990110526265

438 Delamore the Shield-Bearer (level 7, -4/56 HPs)
             Began as a Formicid Fighter on Apr 14, 2022.
             Slain by Edmund (5 damage)
             ... on level 5 of the Dungeon.
             The game lasted 00:03:15 (4823 turns).

Delamore the Shield-Bearer (Formicid Fighter)       Turns: 4823, Time: 00:03:15

Health: -4/56      AC:  8    Str: 22    XL:     7   Next: 22%
Magic:  7/7        EV:  8    Int:  8    God:
Gold:   180        SH: 10    Dex: 10    Spells: 6/6 levels left

rFire    . . .     SeeInvis +   a - +0 war axe
rCold    . . .     Faith    .   c - +0 kite shield
rNeg     . . .     Spirit   .   b - +0 scale mail
rPois    .         Reflect  .   (helmet unavailable)
rElec    .         Harm     .   (no cloak)
rCorr    .         Rampage  .   g - +0 pair of gloves
Will     .....                  (no boots)
Stlth    ..........             (no amulet)
HPRegen  0.18/turn              (no ring)
MPRegen  0.10/turn              (no ring)

@: mighty
A: permanent stasis, dig shafts and tunnels, antennae 3, four strong arms
a: Dig, Shaft Self


You were on level 5 of the Dungeon.
You visited 1 branch of the dungeon, and saw 5 of its levels.

You collected 180 gold pieces.

Inventory:

Hand Weapons
 a - a +0 war axe (weapon)
Missiles
 l - 16 poisoned darts
Armour
 b - a +0 scale mail (worn)
 c - a +0 kite shield (worn)
 g - a +0 pair of gloves (worn)
Wands
 o - a wand of iceblast (5)
Scrolls
 f - a scroll of silence
 m - a scroll of fog
 p - a scroll of enchant armour
Potions
 d - 2 potions of might
 e - a potion of invisibility
 h - a potion of attraction
 i - a potion of mutation {unknown}
 j - a potion of brilliance {unknown}
 k - 2 potions of magic
 n - a potion of curing
 q - 3 potions of degeneration {unknown}


   Skills:
 - Level 5.0 Fighting
 * Level 5.4 Axes
 - Level 3.2 Armour
 + Level 5.4 Shields


You had 6 spell levels left.
You didn't know any spells.
Your spell library contained the following spells:

 Spells                   Type           Power      Damage    Failure   Level
 Ignite Poison            Fire/Tmut/Pois 0%         N/A       100%        3
 Mephitic Cloud           Conj/Pois/Air  0%         N/A       100%        3
 Bolt of Magma            Conj/Fire/Erth 0%         4d4       100%        5


Dungeon Overview and Level Annotations

Branches:
Dungeon (5/15)
 Temple: D:4-7

Altars:
Ashenzari
Uskayaw
Yredelemnul
The Shining One

Shops:
D:1 *

Annotations:
D:5 Edmund


Innate Abilities, Weirdness & Mutations

You cannot be hasted, slowed, berserked, paralysed or teleported.
You can dig through walls and to a lower floor.
You have a pair of large antennae on your head. (SInv)
Your four strong arms can wield two-handed weapons with a shield.


Message History

You block Edmund's attack.
Edmund hits you with a +4 flail of protection.
You hit Edmund but do no damage.
Edmund is heavily wounded.
Edmund hits you with a +4 flail of protection.
You are too injured to fight recklessly!
You are too injured to fight recklessly!
You are too injured to fight recklessly!
You are too injured to fight recklessly!
You are too injured to fight recklessly!
You are too injured to fight recklessly!
You are too injured to fight recklessly!
You are too injured to fight recklessly!
You are too injured to fight recklessly!
You are too injured to fight recklessly!
You feel very mighty all of a sudden.
Edmund hits you with a +4 flail of protection!
You barely miss Edmund.
Edmund is heavily wounded.
Edmund hits you with a +4 flail of protection.
* * * LOW HITPOINT WARNING * * *
You closely miss Edmund.
Edmund is heavily wounded.
Edmund says, "People think my brother is the best.
I think he's crazy."
You block Edmund's attack.
Edmund hits you with a +4 flail of protection.
* * * LOW HITPOINT WARNING * * *
You slash Edmund!
Edmund is severely wounded.
Edmund barely misses you.
You hit Edmund but do no damage.
Edmund is severely wounded.
Edmund says, "I might not be good at magic, but I can still kill you!"
You block Edmund's attack.
You barely miss Edmund.
Edmund is severely wounded.
Edmund hits you with a +4 flail of protection!
* * * LOW HITPOINT WARNING * * *
Edmund hits you with a +4 flail of protection.
You die...

.## #........#.##....
.# #........#.###.##
.# #........#.. .# .#
#............ # .#
############## .# ###
#### .# #.. ..# .#
#.# #@# .#
#.#####@##.# .######
#.##.......#
......####.##.##.####
#####.........##.#
######.......#
#########


You could see Edmund.

Vanquished Creatures
  A sky beast (D:5)
  A black bear (D:4)
  A hound (D:5)
  A jelly (D:4)
  A centaur skeleton (D:5)
  5 adders
  3 gnolls (D:4)
  An adder skeleton (D:4)
  A worm (D:2)
  2 dart slugs
  8 ball pythons
  3 bats
  5 endoplasms
  A giant cockroach (D:1)
  11 goblins
  4 hobgoblins
  4 jackals
  5 quokkas
  5 frilled lizards
  11 kobolds
  7 rats (D:1)
81 creatures vanquished.

Notes
Turn   | Place    | Note
-------+----------+-------------------------------------------
     0 | D:1      | Delamore the Formicid Fighter began the quest for the Orb.
     0 | D:1      | Reached XP level 1. HP: 18/18 MP: 1/1
    47 | D:1      | Reached XP level 2. HP: 22/24 MP: 2/2
   115 | D:1      | Found Ehere's Assorted Antiques.
   197 | D:1      | Found a faded altar of an unknown god.
   514 | D:1      | Reached XP level 3. HP: 29/29 MP: 3/3
   764 | D:1      | You fall into a shaft and drop 1 floor!
   819 | D:2      | Reached XP level 4. HP: 36/37 MP: 4/4
  3142 | D:3      | Found a glowing golden altar of the Shining One.
  3182 | D:3      | Reached XP level 5. HP: 42/42 MP: 5/5
  3293 | D:4      | Noticed a black bear
  3297 | D:4      | Killed a black bear
  3298 | D:4      | Reached XP level 6. HP: 39/49 MP: 6/6
  3579 | D:4      | Reached skill level 5 in Shields
  4220 | D:4      | Found a hide-covered altar of Uskayaw.
  4220 | D:4      | Found a basalt altar of Yredelemnul.
  4220 | D:4      | Found a broken altar of Ashenzari.
  4564 | D:5      | Entered Level 5 of the Dungeon
  4653 | D:5      | Noticed a sky beast
  4658 | D:5      | Reached skill level 5 in Axes
  4676 | D:5      | Killed a sky beast
  4677 | D:5      | Reached skill level 5 in Fighting
  4677 | D:5      | Reached XP level 7. HP: 35/56 MP: 7/7
  4810 | D:5      | Noticed Edmund
  4823 | D:5      | HP: 1/56 [Edmund (7)]
  4823 | D:5      | Slain by Edmund

Illustrated notes

Levels and vault maps discovered:
D:1:      dpeg_arrival_morbid_curiosity, layout_basic,
          ebering_ecumenical_altar_petrified, serial_shops, shop,
          bh_walls_and_bars
D:2:      layout_basic
D:3:      layout_loops_corners, nicolae_tso_swordbearing_angel,
          grunt_decor_clamped
D:4:      layout_basic, gammafunk_temple_overflow_claw
D:5:      layout_loops_cross, uniq_eustachio, uniq_edmund, uniq_menkaure

Skill      XL: |  1  2  3  4  5  6 |
---------------+-------------------+-----
Shields        | 4 5 |  5.4
Axes           | 3 4 5 |  5.4
Fighting       | 4 5 |  5.0
Armour         | |  3.2

Action                   |  1- 3 |  4- 6 |  7- 9 || total
-------------------------+-------+-------+-------++-------
Melee: War axe           |    81 |   155 |    11 ||   247
  Use: Scroll            |       |     7 |       ||     7
       Potion            |       |       |     1 ||     1
Armor: Scale mail        |    38 |    55 |       ||    93
Dodge: Dodged            |    34 |    54 |     1 ||    89
Block: Kite shield       |    58 |   108 |     6 ||   172
